 Dungeon Sprint DCSS version 0.30-a0-920-g7493c07aab (webtiles) character file.

Game seed: 13716516328318160214

1095 BigDaddyOpFi the Severer (level 12, -6/122 HPs)
             Began as a Hill Orc Fighter on Mar 21, 2023.
             Was the Champion of Qazlal.
             Killed by the air
             ... invoked by a wind drake
              (19 damage)
             ... in the Dungeon (Sprint VI: "Thunderdome").
             The game lasted 00:05:44 (1063 turns).

BigDaddyOpFi the Severer (Hill Orc Fighter)         Turns: 1063, Time: 00:05:45

Health: -6/122     AC: 10    Str: 30    XL:     12   Next: 30%
Magic:  0/24       EV: 10    Int:  6    God:    Qazlal [******]
Gold:   325        SH: 16    Dex: 14    Spells: 11/11 levels left

rFire   . . .      SeeInvis +    d - +8 broad axe (spect)
rCold   x . .      Faith    .    c - +0 buckler
rNeg    + . .      Spirit   +    b - +0 scale mail
rPois   +          Reflect  .    (no helmet)
rElec   +          Rampage  .    (no cloak)
rCorr   .          NoTele   +    (no gloves)
Will    ++...                    (no boots) Stlth
                                 o - amulet "Jinoh" {Spirit rN+ Will+ Int-2}
HPRegen 0.40/turn                p - ring "Xaifateo" {rElec rPois rF- Str+6 SInv}
MPRegen 0.19/turn                q - ring of Qiysioza {Fire rPois Will+ Dex+4}

@: repel missiles
A: no striking features
}: 1/15 runes: decaying
a: Renounce Religion, Upheaval, Elemental Force, Disaster Area


You were in the Dungeon.
You worshipped Qazlal.
Qazlal was exalted by your worship.
You visited 1 branch You collected 1580 gold pieces.
You spent 1255 gold pieces at shops.

Inventory:

Hand Weapons
 d - a +8 spectral broad axe (weapon)
 r - a +1 war axe of venom
Armour
 b - a +0 scale mail (worn)
 c - a +0 buckler (worn)
Jewellery
 o - the amulet "Jinoh" (around neck) {Spirit rN+ Will+ Int-2}
   (You bought it in a shop in the Dungeon)

   [amulet of guardian spirit]

   It causes incoming damage to be divided between your reserves of health and
   magic.
   Int:       It affects your intelligence (-2).
   rN:        It protects you from negative energy.
   Will:      It increases your willpower.
 p - the ring "Xaifateo" (left hand) {rElec rPois rF- Str+6 SInv}
   (You bought it in a shop in the Dungeon)

   [ring of see invisible]

   Str:       It affects your strength (+6).
   rF:        It makes you vulnerable to fire.
   rElec:     It insulates you from electricity.
   rPois:     It protects you from poison.
   SInv:      It lets you see invisible.
 q - the ring of Qiysioza (right hand) {Fire rPois Will+ Dex+4}
   (You bought it in a shop in the Dungeon)

   [ring of fire]

   It enhances your fire magic.
   Dex:       It affects your dexterity (+4).
   rF:        It protects you from fire.
   rC:        It makes you vulnerable to cold.
   rPois:     It protects you from poison.
   Will:      It increases your willpower.
Wands
 l - a wand of light (5)
 m - a wand of roots (5)
Scrolls
 j - 2 scrolls of blinking
 n - 3 scrolls of fog
Potions
 a - 2 potions of heal wounds
 g - 4 potions of haste
 h - a potion of magic
 i - a potion of berserk rage
 k - a potion of resistance


   Skills:
 + Level 16.0 Fighting
 + Level 17.1 Axes
 + Level 14.8 Armour
 + Level 14.8 Shields
 + Level 16.3 Invocations


You had 11 spell levels left.
You didn't know any spells.
Your spell library was empty.

Dungeon Overview and Level Annotations

Branches:
Dungeon (1/1)

Altars:
Cheibriados
Dithmenos
Fedhas
Gozag
Kikubaaqudgha
Makhleb
Okawaru
Qazlal
Ru
Sif Muna
Trog
Uskayaw
Vehumet
Wu Jian
Xom
Yredelemnul
Zin
The Shining One
Beogh
Lugonu

Shops:
D *[??*?*:[((!!!!


Message History

Activating: Disaster Area (0% risk of failure)
Press: ? - help, Dir - look around, f - activate Nature churns violently around you!
The blast of ice hits the snapping turtle.
The snapping turtle is lightly wounded.
The snapping turtle is flash-frozen.
The cutting wind hits the water nymph!!!
You kill the water nymph!
Qazlal accepts your kill.
The blast of ice hits the snapping turtle!!!
The snapping turtle is severely wounded.
The cutting wind hits the snapping turtle!!
You kill the snapping turtle!
Qazlal accepts your kill.
Your Fighting skill increases to level 16!
Unknown command.
You start resting.
You hear an angry hiss.
A wind drake comes into view.
A wind drake is nearby!
A wind drake is nearby!
A wind drake is nearby!
A wind drake is nearby!
There is a spawn point here.
There is a spawn point here.
A wind drake is nearby!
A wind drake is nearby!
A wind drake is nearby!
Aiming: Upheaval
Press: ? - help, Dir - move target, f - wind drake
Aim: a wind drake (repelling missiles)
The ground shakes violently, spewing rubble!
The blast of rubble hits the wind drake!!
The wind drake is heavily wounded.
The wind drake flaps its wings at you. The air twists around and strikes you!
* * * LOW HITPOINT WARNING * * *
The wind drake flaps its wings at you. The air twists around and strikes you!!
You die...

##### ##⌠⌠⌠##
#.§@.†#
##§..°.##
##∩☼.†..∩##
#∩...k...∩#
#_....†.._#
#_......._#
#_..†...._#
###.........###
#⌠..†........§#


You could see a wind drake (repels missiles).

Vanquished Creatures
  Josephine (D)
  A wizard (D)
  2 boulder beetles (D)
  2 skeletal warriors (D)
  A sea snake (D)
  3 deep elf pyromancers (D)
  2 deep elf zephyrmancers (D)
  A cyclops (shapeshifter) (D)
  A manticore (shapeshifter) (D)
  2 manticores (D)
  A rust devil (D)
  2 water nymphs (D)
  An unseen horror (shapeshifter) (D)
  A silent spectre (D)
  Grinder (D)
  A hornet (shapeshifter) (D)
  A wind drake (D)
  A wind drake (shapeshifter) (D)
  A snapping turtle (D)
  A jumping spider (shapeshifter) (D)
  Eustachio (D)
  A yak (shapeshifter) (D)
  A floating eye (shapeshifter) (D)
  2 wolves (D)
  3 necrophages (D)
  An earth elemental (D)
  A gnoll sergeant (D)
  A hound (D)
  A gnoll bouda (D)
  An iron imp (D)
  A gnoll (D)
  2 shadow imps (D)
  An ufetubus (D)
  3 worms (D)
  2 giant cockroaches (D)
49 creatures vanquished.

Notes
Turn   | Place    | Note
-------+----------+-------------------------------------------
     0 | D        | BigDaddyOpFi the Hill Orc Fighter began the quest for the
                  | Orb.
     0 | D        | Reached XP level 1. HP: 19/19 MP: 1/1
     4 | D        | Found a glowing silver altar of Zin.
     4 | D        | Found a basalt altar of Yredelemnul.
     5 | D        | Found a stormy altar of Qazlal.
     5 | D        | Found a glowing golden altar of the Shining One.
     5 | D        | Round 1.
     6 | D        | Found a blossoming altar of Fedhas.
     6 | D        | Found a sacrificial altar of Ru.
     7 | D        | Found a roughly hewn altar of Beogh.
     7 | D        | Found Jexte's Identification Station.
     8 | D        | Found Haleanirao's Jewellery.
     8 | D        | Found Uthrez's Advanced Armour.
    16 | D        | Bought a bound tin amulet for 45 gold pieces
    16 | D        | Identified the amulet "Jinoh" {Spirit rN+ Will+ Int-2} (You
                  | bought it in a shop in the Dungeon)
    16 | D        | Bought a bound ivory ring for 45 gold pieces
    16 | D        | Identified the ring "Xaifateo" {rElec rPois rF- Str+6 SInv}
                  | (You bought it in a shop in the Dungeon)
    16 | D        | Bought a clouded lead ring for 45 gold pieces
    16 | D        | Identified the ring of Qiysioza {Fire rPois Will+ Dex+4}
                  | (You bought it in a shop in the Dungeon)
    29 | D        | Found an iron altar of Okawaru.
    34 | D        | Reached skill level 3 in Axes
    43 | D        | Reached XP level 2. HP: 11/27 MP: 0/2
    44 | D        | Found a bloodstained altar of Trog.
    45 | D        | Found Nousemna's Premium Goods.
    46 | D        | Found Wuruox's Miscellaneous Merchandise.
    46 | D        | Found Fumues's Basic Armour.
    47 | D        | Found a shadowy altar of Dithmenos.
    47 | D        | Found an ornate altar of the Wu Jian Council.
    47 | D        | Found an ancient bone altar of Kikubaaqudgha.
    47 | D        | Found Huzoruq's Weapon Rack.
    70 | D        | Found a snail-covered altar of Cheibriados.
    72 | D        | Found a corrupted altar of Lugonu.
    73 | D        | Found Osyenn's Do-It-Yourself Clinic.
    74 | D        | Found Qophas's Bottled Wisdom.
    74 | D        | Found Nerch's Distillery.
    75 | D        | Found a radiant altar of Vehumet.
    75 | D        | Found a hide-covered altar of Uskayaw.
    75 | D        | Found Dokhludoa's Distillery.
    79 | D        | Found an opulent altar of Gozag.
    80 | D        | Found a burning altar of Makhleb.
    81 | D        | Found a shimmering blue altar of Sif Muna.
    82 | D        | Found Rilol Bop's Staff Store.
    83 | D        | Found Eneimomm's Must-Have Magic.
    83 | D        | Found Zionobem's Magic Scroll Shop.
    84 | D        | Found a shimmering altar of Xom.
    84 | D        | Found Equros's Magic Scroll Shop.
    96 | D        | Arena points: 12 (+12) [x2]
    97 | D        | Reached skill level 4 in Axes
   105 | D        | Became a worshipper of Qazlal Stormbringer
   143 | D        | Round 2.
   154 | D        | Reached skill level 1 in Invocations
   154 | D        | Noticed Grinder
   163 | D        | Noticed Eustachio
   169 | D        | Reached XP level 3. HP: 28/35 MP: 2/4
   171 | D        | Reached * piety under Qazlal
   172 | D        | Reached skill level 5 in Fighting
   173 | D        | Killed Eustachio
   174 | D        | Reached skill level 7 in Axes
   174 | D        | Reached skill level 5 in Invocations
   174 | D        | Reached XP level 4. HP: 23/47 MP: 1/8
   174 | D        | Reached XP level 5. HP: 26/52 MP: 1/9
   181 | D        | Killed Grinder
   182 | D        | Reached skill level 8 in Axes
   182 | D        | Reached XP level 6. HP: 28/62 MP: 2/11
   198 | D        | Arena points: 48 (+36) [x3]
   213 | D        | Round 3.
   222 | D        | Reached ** piety under Qazlal
   230 | D        | Bought a +0 broad axe for 120 gold pieces
   275 | D        | Reached skill level 9 in Axes
   275 | D        | Reached XP level 7. HP: 50/69 MP: 10/12
   318 | D        | Reached *** piety under Qazlal
   319 | D        | Arena points: 132 (+84) [x4]
   384 | D        | Round 4.
   471 | D        | Noticed a deep elf pyromancer
   473 | D        | Noticed a deep elf pyromancer
   476 | D        | Killed a deep elf pyromancer
   476 | D        | Noticed a deep elf zephyrmancer
   477 | D        | Reached skill level 10 in Fighting
   477 | D        | Reached skill level 10 in Axes
   477 | D        | Reached skill level 10 in Invocations
   477 | D        | Reached XP level 8. HP: 80/80 MP: 10/15
   478 | D        | Noticed a deep elf zephyrmancer
   481 | D        | Killed a deep elf pyromancer
   482 | D        | Reached skill level 11 in Axes
   482 | D        | Reached skill level 10 in Armour
   482 | D        | Reached skill level 10 in Shields
   484 | D        | Noticed a deep elf pyromancer
   488 | D        | Noticed a deep elf zephyrmancer
   492 | D        | Killed a deep elf pyromancer
   493 | D        | Reached skill level 12 in Axes
   493 | D        | Reached XP level 9. HP: 58/89 MP: 3/17
   495 | D        | Killed a deep elf zephyrmancer
   495 | D        | Reached **** piety under Qazlal
   496 | D        | Killed a deep elf zephyrmancer
   497 | D        | Reached skill level 13 in Axes
   497 | D        | Arena points: 156 (+24) [x1]
   512 | D        | Round 5.
   516 | D        | Bought a scroll of brand weapon for 95 gold pieces
   527 | D        | Noticed a witch
   530 | D        | Noticed a tyrant leech
   536 | D        | Noticed a five-headed hydra
   539 | D        | Noticed a goliath frog
   540 | D        | Noticed a tyrant leech
   541 | D        | Killed a witch
   541 | D        | Arena points: 261 (+105) [x3]
   542 | D        | Reached XP level 10. HP: 30/100 MP: 2/19
   544 | D        | Got a decaying rune of Zot
   561 | D        | Bought a scroll of brand weapon for 95 gold pieces
   742 | D        | Round 6.
   768 | D        | Noticed a skeletal warrior
   775 | D        | Killed a skeletal warrior
   775 | D        | Reached ***** piety under Qazlal
   776 | D        | Reached skill level 14 in Axes
   780 | D        | Noticed a skeletal warrior
   788 | D        | Killed a skeletal warrior
   789 | D        | Reached XP level 11. HP: 44/108 MP: 2/21
   806 | D        | Noticed Josephine
   820 | D        | Killed Josephine
   820 | D        | Arena points: 453 (+192) [x4]
   821 | D        | Reached skill level 15 in Axes
   858 | D        | Round 7.
   875 | D        | Noticed a boulder beetle
   883 | D        | Killed a boulder beetle
   886 | D        | Noticed a boulder beetle
   901 | D        | Killed a boulder beetle
   902 | D        | Reached skill level 15 in Invocations
   912 | D        | Arena points: 663 (+210) [x5]
   919 | D        | Bought 8 scrolls of enchant weapon for 600 gold pieces
   927 | D        | Round 8.
   940 | D        | Reached ****** piety under Qazlal
   947 | D        | Bought 3 potions of heal wounds for 105 gold pieces
   954 | D        | Reached skill level 15 in Fighting
   954 | D        | Reached skill level 16 in Axes
   958 | D        | Noticed a cyclops
   964 | D        | Noticed a manticore
   965 | D        | Killed a cyclops
   966 | D        | Reached XP level 12. HP: 57/121 MP: 12/23
   974 | D        | Arena points: 1095 (+432) [x6]
   988 | D        | Bought 3 potions of heal wounds for 105 gold pieces
  1000 | D        | Round 9.
  1003 | D        | HP: 1/121 [wind drake/the air (14)]
  1044 | D        | Reached skill level 17 in Axes
  1063 | D        | Killed from afar by a wind drake

Illustrated notes

Levels and vault maps discovered:
D:        arena_sprint

Skill      XL: |  1  2  3  4  5  6  7  8  9 10 11 12 |
---------------+-------------------------------------+-----
Fighting       | 4 7 8 10 11 12 13 15 16 | 16.0
Axes           | 3 4 7 8 9 10 12 13 14 16 17 | 17.1
Armour         | 4 6 7 8 9 10 11 12 14 | 14.8
Shields        | 4 6 7 8 9 10 11 12 14 | 14.8
Invocations    | 1 5 7 10 11 12 13 15 16 | 16.3

Action                     |  1- 3 |  4- 6 |  7- 9 | 10-12 || total
---------------------------+-------+-------+-------+-------++-------
  Melee: War axe           |    39 |     6 |       |       ||    45
         Broad axe         |       |     6 |    38 |    69 ||   113
 Invoke: Upheaval          |       |       |     3 |     6 ||     9
         Disaster Area     |       |       |       |     1 ||     1
    Use: Potion            |     1 |       |     1 |    10 ||    12
         Scroll            |       |       |     2 |    10 ||    12
 Armour: Scale mail        |    10 |     4 |    23 |    10 ||    47
  Dodge: Dodged            |    21 |     4 |    16 |     9 ||    50
         Repelled          |       |       |       |     1 ||     1
  Block: Buckler           |     7 |     8 |    27 |    28 ||    70

Table legend: (Time is in decaauts)
 A = Elapsed time spent in this place.
 B = Non-inter-level travel time spent in this place.
 C = Inter-level travel time spent in this place.
 D = Time resting spent in this place.
 E = Time spent auto-exploring this place.
 F = Levels seen in this place.
 G = Mean time per level.
                   A        B        C        D        E       F      G
               +--------+--------+--------+--------+--------+-----+--------+
         Total |   1071 |   1071 |      0 |    489 |      0 |   1 | 1071.0 |
       Dungeon |   1071 |   1071 |      0 |    489 |      0 |   1 | 1071.0 |
               +--------+--------+--------+--------+--------+-----+--------+

Top non-repeatable levels by time:
       D: 1071 daAuts
